Map: Lost and Found LE

Players

iGRushcrazy (Rushcrazy)

  • Race: Protoss Protoss
  • Spawn Location: 7:00

AlaSReformed (AlaStOr) - Winner!

  • Race: Zerg Zerg
  • Spawn Location: 1:00

Event: WCS Valencia 2018

VOD

Have the link to the VOD?

Description

Time

  • Played on: July 12, 2018, 7:39 a.m.
  • Length: 4:33

All games in this series

Show
View Real Time Build Order
Export as new Build Order

iGRushcrazy Protoss 

Build Orders: 1 Gate Expand, Oracle Opening 

Get SALT Encoding   

  12  0:01  Probe  
  13  0:13  Probe  
  14  0:19  Pylon  
  14  0:25  Probe  
  15  0:33  Probe  
  15  0:38  Gateway  
  15  0:41  Probe  
  16  0:48  Assimilator  
  17  0:51  Probe  
  18  1:04  Probe  
  19  1:16  Probe  
  20  1:24  Nexus  
  20  1:33  Cybernetics Core  
  20  1:35  Probe  
  21  1:42  Assimilator  
  21  1:48  Probe  
  21  1:51  Pylon  
  22  2:00  Probe  
  23  2:01  Adept  
  23  2:12  Probe  
  26  2:22  Stargate  
  26  2:24  Probe  
  27  2:33  Adept  
  27  2:35  Probe  
  27  2:36  Probe  
  30  2:43  Probe  
  31  2:48  Probe  
  33  2:53  Oracle, Probe  
  34  3:00  Probe  
  38  3:05  Probe  
  38  3:12  Probe  
  39  3:15  Gateway  
  39  3:19  Shield Battery  
  33  3:28  Oracle  
  35  3:37  Pylon  
  32  3:44  Adept  
  29  3:51  Pylon  
  28  4:08  Pylon  
Show
View Real Time Build Order
Export as new Build Order

AlaSReformed Zerg - Winner!

Build Orders: Hatch First 

Get SALT Encoding   

  12  0:00  Drone  
  13  0:12  Overlord  
  13  0:16  Drone  
  14  0:30  Drone x2  
  14  0:34  Drone  
  17  0:51  Hatchery  
  17  0:54  Drone  
  17  0:56  Extractor  
  16  1:10  Spawning Pool  
  15  1:13  Drone  
  15  1:17  Drone  
  17  1:21  Drone  
  18  1:28  Drone  
  19  1:38  Overlord  
  19  1:57  Metabolic Boost, Queen  
  21  2:02  Queen  
  21  2:05  Zergling x2  
  21  2:08  Zergling x2  
  25  2:11  Zergling x2  
  25  2:12  Zergling x2  
  25  2:15  Zergling x2  
  28  2:25  Zergling x2  
  28  2:26  Zergling x2  
  30  2:33  Zergling x2  
  31  2:40  Hatchery  
  30  2:44  Zergling x2  
  30  2:48  Zergling x2  
  32  2:52  Zergling x2  
  32  2:56  Zergling x4  
  35  3:05  Overlord  
  35  3:08  Zergling x2  
  36  3:17  Overlord  
  36  3:26  Zergling x6  
  38  3:31  Zergling x6  
  40  3:38  Zergling x2  
  40  3:39  Zergling x2  
  35  3:53  Zergling x8  
  35  3:54  Zergling x6  
  41  4:02  Zergling x2  
  41  4:07  Zergling x2  
  42  4:12  Zergling x2  
  42  4:15  Zergling x2  
Tags
 
Add a new tag
Caveats
  • Supply blocks, unpowered buildings, or Contaminate may cause inaccurate times.
  • Supply counts are checked every 10 seconds.